Map: Hardwire LE

Players

friedpork

  • Race: Zerg Zerg
  • League: Master
  • Spawn Location: 7:00

Pumba - Winner!

  • Race: Protoss Protoss
  • League: Master
  • Spawn Location: 1:00

VOD

Have the link to the VOD?

Description

Time

  • Played on: March 29, 2022, 9:50 p.m.
  • Length: 16:33
Show
View Real Time Build Order
Export as new Build Order

friedpork Zerg 

Build Orders: Hatch First, Roach Hydra 

Get SALT Encoding   

  12  0:00  Drone  
  13  0:12  Overlord  
  13  0:16  Drone  
  14  0:31  Drone x2  
  16  0:48  Hatchery  
  15  0:52  Drone  
  15  0:55  Drone  
  17  0:57  Drone  
  18  1:09  Extractor  
  17  1:13  Spawning Pool  
  17  1:16  Drone  
  17  1:19  Drone  
  18  1:27  Drone  
  19  1:38  Drone  
  20  1:49  Drone  
  21  2:00  Queen x2  
  25  2:02  Drone, Overlord  
  26  2:12  Zergling x4  
  26  2:13  Metabolic Boost  
  28  2:21  Drone x2  
  30  2:33  Drone, Hatchery  
  30  2:36  Drone  
  31  2:43  Overlord  
  32  2:44  Drone  
  32  2:48  Queen  
  34  2:54  Zergling x4  
  36  3:07  Queen  
  36  3:10  Drone  
  36  3:11  Drone x2  
  36  3:12  Overlord  
  41  3:16  Drone x2  
  43  3:21  Spore Crawler  
  43  3:23  Drone  
  43  3:29  Drone  
  43  3:31  Overlord  
  44  3:36  Queen  
  44  3:39  Overlord  
  47  3:41  Drone x3  
  47  3:43  Drone  
  47  3:46  Drone  
  47  3:47  Drone  
  52  3:51  Queen  
  52  3:53  Drone  
  55  3:56  Drone  
  55  3:57  Drone  
  55  4:00  Drone x2  
  55  4:02  Drone  
  60  4:06  Drone  
  61  4:14  Drone  
  61  4:15  Drone x2  
  64  4:22  Lair  
  64  4:23  Drone x5  
  69  4:25  Extractor  
  69  4:27  Extractor  
  67  4:33  Drone x4, Roach Warren  
  67  4:35  Overlord  
  70  4:42  Overlord  
  69  4:45  Overlord  
  69  4:46  Drone  
  69  4:49  Drone x3, Extractor x2  
  71  4:59  Drone x5  
  76  5:01  Drone x3, Extractor  
  76  5:06  Drone x2, Evolution Chamber  
  79  5:10  Drone  
  79  5:14  Drone  
  81  5:19  Drone x2  
  83  5:24  Glial Reconstitution  
  83  5:25  Hatchery  
  83  5:27  Drone x3  
  83  5:28  Hydralisk Den  
  84  5:30  Drone x2  
  84  5:32  Overlord  
  86  5:35  Zerg Missile Weapons Level 1  
  86  5:43  Overlord x2  
  86  5:44  Overlord x2  
  85  5:56  Spore Crawler  
  83  6:04  Spore Crawler x2, Drone  
  83  6:06  Hydralisk x6  
  83  6:07  Grooved Spines, Hydralisk x2  
  99  6:16  Queen x2  
  103  6:23  Hydralisk x4  
  111  6:26  Hydralisk, Extractor x2  
  111  6:29  Hydralisk  
  113  6:32  Hydralisk  
  113  6:33  Hydralisk  
  113  6:37  Hydralisk x2  
  121  6:41  Hydralisk x2  
  121  6:44  Hydralisk  
  121  6:45  Hydralisk  
  129  6:50  Overlord  
  129  6:52  Overlord  
  128  6:55  Hydralisk  
  128  6:56  Hydralisk  
  132  7:02  Hydralisk  
  134  7:11  Overlord x3  
  134  7:16  Roach x7  
  134  7:18  Muscular Augments  
  134  7:21  Drone  
  134  7:22  Drone x2, Overlord  
  151  7:30  Roach x4  
  151  7:31  Roach  
  151  7:32  Roach  
  151  7:36  Zerg Missile Weapons Level 2  
  163  7:38  Hydralisk  
  167  7:44  Roach x4  
  167  7:46  Overseer  
  167  7:49  Roach x2  
  167  7:50  Roach  
  179  7:59  Roach x2  
  179  8:00  Overlord x3  
  174  8:20  Hydralisk x10  
  188  8:30  Roach x6  
  188  8:34  Drone  
  187  8:35  Infestation Pit  
  186  8:44  Roach x6  
  198  8:48  Overseer  
  198  8:52  Evolution Chamber  
  183  9:15  Roach x2  
  183  9:16  Roach x9  
  193  9:24  Roach x4  
  193  9:29  Hive  
  183  9:34  Spire  
  183  9:35  Roach x5  
  183  9:59  Zerg Ground Armor Level 1, Overlord x3  
  181  10:00  Overlord x4  
  181  10:01  Overlord x2  
  181  10:02  Overlord  
  181  10:20  Hatchery  
  176  10:42  Overseer  
  176  10:44  Overseer  
  176  10:48  Mutalisk x10  
  176  10:49  Mutalisk x3  
  198  10:52  Overseer  
  196  11:03  Greater Spire, Zerg Missile Weapons Level 3  
  192  11:17  Lurker Den  
  179  11:40  Corruptor x5  
  171  12:18  Seismic Spines  
  169  12:36  Drone x3  
  169  12:37  Drone, Extractor  
  173  12:38  Extractor  
  171  12:49  Brood Lord x5  
  143  12:57  Corruptor  
  143  12:58  Corruptor x3  
  123  13:15  Adaptive Talons  
  123  13:16  Zergling x8  
  123  13:17  Zergling x46  
  150  13:25  Zergling x6  
  150  13:26  Queen x3  
  159  13:29  Brood Lord x3  
  159  13:40  Brood Lord  
  157  13:42  Baneling Nest  
  157  13:48  Drone x3  
  155  13:50  Zergling x2  
  155  13:51  Zergling x4, Queen  
  160  13:56  Zergling x22  
  171  14:04  Zergling x6  
  163  14:33  Zergling x22  
  163  14:34  Queen x2  
  150  14:47  Overlord  
  150  14:48  Overlord x4  
  144  15:10  Hatchery  
  144  15:13  Centrifugal Hooks  
  143  15:17  Hatchery  
  143  15:20  Drone x2  
  143  15:21  Drone  
  145  15:22  Drone x2  
  145  15:24  Baneling x12  
  145  15:25  Baneling x26  
  147  15:39  Zergling x6  
  147  15:40  Zergling x4  
  152  15:53  Zergling x10  
  152  15:54  Zergling x2  
Show
View Real Time Build Order
Export as new Build Order

Pumba Protoss - Winner!

Build Orders: 1 Gate Expand, Oracle Opening 

Get SALT Encoding   

  12  0:01  Probe  
  13  0:13  Probe  
  14  0:20  Pylon  
  14  0:25  Probe  
  15  0:38  Probe (Chrono Boost)  
  16  0:43  Assimilator  
  16  0:48  Gateway  
  16  0:49  Probe (Chrono Boost)  
  17  0:54  Probe (Chrono Boost)  
  18  1:06  Probe  
  19  1:18  Probe  
  20  1:30  Probe  
  20  1:32  Nexus  
  21  1:40  Cybernetics Core  
  21  1:46  Assimilator  
  21  1:49  Probe  
  22  1:55  Pylon  
  22  2:01  Probe  
  23  2:13  Adept (Chrono Boost), Probe  
  26  2:24  Stargate  
  26  2:25  Probe  
  27  2:33  Adept (Chrono Boost)  
  27  2:35  Warp Gate  
  30  2:44  Probe (Chrono Boost)  
  30  2:47  Probe (Chrono Boost)  
  31  2:54  Probe (Chrono Boost)  
  31  2:57  Probe (Chrono Boost)  
  33  3:00  Adept  
  33  3:04  Gateway  
  35  3:06  Probe  
  35  3:10  Oracle  
  39  3:18  Probe  
  39  3:19  Probe  
  41  3:31  Probe  
  42  3:37  Probe  
  42  3:40  Pylon  
  43  3:46  Probe  
  44  3:53  Nexus  
  44  3:55  Pylon  
  44  3:58  Oracle  
  44  4:00  Probe (Chrono Boost)  
  49  4:06  Probe (Chrono Boost)  
  49  4:08  Assimilator  
  50  4:10  Probe (Chrono Boost)  
  50  4:11  Assimilator  
  50  4:14  Probe (Chrono Boost)  
  50  4:15  Probe (Chrono Boost)  
  52  4:24  Probe  
  52  4:25  Twilight Council  
  52  4:26  Forge  
  52  4:27  Probe  
  52  4:30  Pylon  
  54  4:37  Probe  
  55  4:39  Probe  
  55  4:41  Phoenix (Chrono Boost)  
  57  4:49  Probe  
  57  4:51  Probe  
  59  4:56  Protoss Ground Weapons Level 1  
  59  5:03  Probe  
  59  5:04  Blink (Chrono Boost)  
  60  5:11  Gateway  
  60  5:12  Sentry x2, Gateway  
  60  5:13  Robotics Facility  
  61  5:23  Probe (Chrono Boost)  
  61  5:27  Probe (Chrono Boost)  
  64  5:29  Probe (Chrono Boost)  
  64  5:31  Gateway  
  64  5:33  Gateway  
  64  5:34  Probe (Chrono Boost)  
  67  5:36  Shield Battery, Probe x2 (Chrono Boost)  
  67  5:41  Probe  
  68  5:47  Probe (Chrono Boost)  
  69  5:52  Probe (Chrono Boost)  
  69  5:54  Probe (Chrono Boost)  
  69  6:00  Sentry x2  
  74  6:05  Probe (Chrono Boost)  
  74  6:06  Probe (Chrono Boost)  
  74  6:07  Probe (Chrono Boost), Assimilator  
  74  6:09  Observer, Assimilator  
  74  6:10  Probe (Chrono Boost), Pylon  
  76  6:12  Probe (Chrono Boost), Pylon  
  76  6:14  Probe  
  76  6:15  Pylon x2  
  78  6:19  Robotics Facility, Sentry x2  
  78  6:20  Robotics Bay  
  78  6:23  Probe  
  83  6:25  Stalker  
  85  6:36  Probe  
  85  6:37  Immortal (Chrono Boost)  
  86  6:43  Gateway x2  
  86  6:45  Probe x2  
  92  6:47  Stalker x2  
  92  6:48  Stalker  
  98  6:56  Stalker x3  
  104  7:11  Colossus (Chrono Boost)  
  110  7:16  Pylon  
  110  7:17  Pylon  
  110  7:18  Colossus (Chrono Boost)  
  110  7:20  Pylon  
  116  7:25  Pylon  
  116  7:27  Pylon  
  116  7:29  Extended Thermal Lance  
  116  7:31  Protoss Ground Armor Level 1 (Chrono Boost)  
  116  7:32  Pylon  
  116  7:42  Nexus  
  116  7:45  Assimilator  
  116  7:48  Assimilator  
  116  7:52  Photon Cannon  
  116  7:54  Photon Cannon  
  116  7:57  Stalker x5  
  116  7:58  Disruptor (Chrono Boost)  
  126  8:20  Disruptor, Stalker x2  
  131  8:32  Stalker  
  131  8:33  Stalker x4  
  141  8:44  Disruptor  
  141  8:45  Shield Battery, Nexus, Probe (Chrono Boost), Pylon  
  142  8:49  Photon Cannon  
  142  8:50  Probe (Chrono Boost)  
  142  8:51  Pylon  
  142  8:54  Pylon  
  145  8:56  Disruptor  
  145  9:01  Sentry  
  150  9:04  Stalker x2  
  150  9:19  Nexus  
  150  9:24  Cybernetics Core  
  150  9:26  Pylon  
  150  9:32  Pylon  
  150  9:36  Disruptor x2  
  156  9:49  Observer  
  154  9:56  Protoss Ground Weapons Level 2 (Chrono Boost)  
  154  10:01  Probe  
  154  10:04  Photon Cannon  
  154  10:05  Shield Battery  
  154  10:06  Photon Cannon  
  154  10:07  Probe x2, Pylon  
  157  10:11  Colossus  
  157  10:12  Observer  
  157  10:13  Probe  
  156  10:33  Disruptor, Probe  
  160  10:39  Photon Cannon, Probe  
  160  10:40  Shield Battery, Probe  
  160  10:45  Probe  
  160  10:47  Nexus  
  161  10:57  Pylon  
  161  11:02  Stalker x2  
  161  11:04  Zealot  
  167  11:05  Disruptor  
  167  11:09  Disruptor  
  173  11:19  Charge  
  173  11:21  Forge  
  173  11:24  Nexus  
  173  11:26  Pylon  
  173  11:28  Pylon  
  173  11:29  Stalker x2  
  173  11:30  Stalker x2  
  181  11:39  Templar Archives  
  181  11:41  Disruptor  
  181  11:44  Disruptor  
  187  11:55  Stalker x4  
  189  12:17  Observer  
  189  12:20  Disruptor, Probe x3  
  195  12:25  Protoss Ground Weapons Level 3 (Chrono Boost)  
  195  12:26  Photon Cannon  
  195  12:32  Shield Battery  
  195  12:33  Protoss Ground Armor Level 2 (Chrono Boost)  
  195  12:38  Disruptor  
  189  13:02  Stalker x5  
  189  13:03  Stalker  
  198  13:12  Photon Cannon  
  193  13:13  Probe x2  
  193  13:14  Probe x3  
  193  13:15  Shield Battery  
  193  13:18  Assimilator  
  195  13:25  Probe  
  195  13:26  Probe x4  
  198  13:30  Pylon  
  198  13:32  Pylon  
  197  13:38  Probe x3  
  197  13:39  Nexus  
  198  13:50  Probe x2  
  198  13:51  Fleet Beacon  
  198  13:54  Stargate  
  200  13:56  Stargate  
  200  13:57  Cybernetics Core  
  200  14:05  Protoss Air Weapons Level 1  
  194  14:45  Colossus x2  
  178  14:57  Observer  
  177  15:00  Carrier x3 (Chrono Boost)  
  177  15:04  Zealot  
  177  15:05  Zealot x5  
  195  15:11  Gateway x2  
  195  15:14  Gateway  
  195  15:16  Gateway  
  195  15:18  Observer  
  195  15:19  Gateway  
  195  15:23  Gateway  
  195  15:27  Gateway  
  195  15:28  Cybernetics Core  
  195  15:34  Assimilator  
  195  15:36  Assimilator  
  195  15:37  Assimilator  
  195  15:48  Nexus  
Tags
 
Add a new tag
Caveats
  • Supply blocks, unpowered buildings, or Contaminate may cause inaccurate times.
  • Supply counts are checked every 10 seconds.